 Dungeon Crawl Stone Soup version 0.29-a0-824-gd827844252 (webtiles) character file.

Game seed: 12189660255814711703

875 Spectrina the Covert (level 7, 0/35 HPs)
             Began as a Vampire Delver on July 9, 2022.
             Slain by an orc priest
             ... wielding a +0 flail
              (7 damage)
             ... on level 5 of the Dungeon.
             The game lasted 00:05:19 (503 turns).

Spectrina the Covert (Vampire Delver)                Turns: 503, Time: 00:05:20

Health: 0/35       AC:  3    Str: 11    XL:     7   Next: 74%
Magic:  7/7        EV: 12    Int: 13    God:
Gold:   24         SH:  0    Dex: 17    Spells: 6/6 levels left

rFire   . . .      SeeInvis +   b - +0 long sword
rCold   + + .      Faith    .   (no shield)
rNeg    + + +      Spirit   .   i - +0 leather armour
rPois   ∞          Reflect  .   (no helmet)
rElec   .          Harm     .   v - scarf {+Inv}
rCorr   .          Rampage  .   (no gloves)
Will    .....                   (no boots)
Stlth   +++++++...              (no amulet)
HPRegen 0.00/turn               (no ring)
MPRegen 0.10/turn               (no ring)

@: bloodless, inhibited regen
A: bloodless, fangs 3, see invisible, vampiric 2, [frail 1]
a: Bat Form, Revivify, Evoke Invisibility


You were on level 5 of the Dungeon.
You visited 1 branch of the dungeon, and saw 2 of its levels.
You also visited: Ossuary.

You collected 24 gold pieces.

Inventory:

Hand Weapons
 a - a +0 dagger
 b - a +0 long sword (weapon)
 h - a +0 short sword
 j - a +0 falchion
 w - a +0 sling
Armour
 i - a +0 leather armour (worn)
 v - a scarf of invisibility (worn)
Magical Staves
 l - a staff of poison
Wands
 g - a wand of digging (3)
Scrolls
 c - a scroll of fog
 d - a scroll of magic mapping
 e - a scroll of fear
 q - a scroll of noise {unknown}
 t - a scroll of blinking {unknown}
Potions
 f - a potion of haste
 k - a potion of flight {unknown}
 m - a potion of resistance {unknown}
 n - a potion of ambrosia {unknown}
 p - a potion of mutation {unknown}
 r - 2 potions of magic {unknown}
 s - 2 potions of degeneration {unknown}
 u - 2 potions of curing {unknown}
Miscellaneous
 o - a phantom mirror


   Skills:
 - Level 2.6 Fighting
 + Level 7.0 Short Blades
 - Level 2.1 Dodging
 + Level 11.8 Stealth
 + Level 1.2 Evocations


You had 6 spell levels left.
You didn't know any spells.
Your spell library was empty.

Dungeon Overview and Level Annotations

Branches:
Dungeon (6/15)            Ossuary (visited)
 Temple: D:4-7

Altars:


Innate Abilities, Weirdness & Mutations

You do not regenerate when monsters are visible.
You are frail without blood (-20% HP).
You can heal yourself when you bite living creatures.
You are immune to poison.
You have razor-sharp teeth.
You have supernaturally acute eyesight. (SInv)
You are afflicted with vampirism and can become a bat while bloodless.
[You are frail. (-10% HP)]


Message History

An orc comes into view. It is wielding a +0 club.
Unknown command.
An orc priest comes into view. It is wielding a +0 flail.
w - a +0 sling (weapon)
Fire: w) +0 sling
Press: ? - help, Q - select action, (/) - cycle Shift-Dir - straight line, f - orc priest
Aim: an orc priest, wielding a +0 flail (57% to hit)
You shoot a sling bullet.
The sling bullet closely misses the orc priest.
Fire: w) +0 sling
Press: ? - help, Q - select action, (/) - cycle Shift-Dir - straight line, f/p - orc priest
Aim: an orc priest, wielding a +0 flail (57% to hit)
You shoot a sling bullet.
The sling bullet closely misses the orc priest.
The orc priest invokes the aid of Beogh against you.
Beogh smites you!
The orc priest looks encouraged for a moment.
You hear a shout!
Fire: w) +0 sling
Press: ? - help, Q - select action, (/) - cycle Shift-Dir - straight line, f/p - orc priest
Aim: an orc priest, wielding a +0 flail (57% to hit)
You shoot a sling bullet.
The sling bullet completely misses the orc priest.
Fire: w) +0 sling
Press: ? - help, Q - select action, (/) - cycle Shift-Dir - straight line, f/p - orc priest
Aim: an orc priest, wielding a +0 flail (57% to hit)
You shoot a sling bullet. The sling bullet hits the orc priest.
The orc priest is moderately wounded.
The orc priest mumbles some strange prayers to Beogh against you.
Beogh smites you!
* * * LOW HITPOINT WARNING * * *
Fire: w) +0 sling
Press: ? - help, Q - select action, (/) - cycle Shift-Dir - straight line, f/p - orc priest
Aim: an orc priest, wielding a +0 flail (moderately wounded, 57% to hit)
You shoot a sling bullet. The sling bullet hits the orc priest.
The orc priest is heavily wounded.
An orc comes into view. It is wielding a +2 hand axe of venom.
b - a +0 long sword (weapon)
The orc priest hits you with a +0 flail!
You die...

...
#......#..#..†...######
. +......#..#......# #.
#....).#..'......# #.
#......#..#......# ##
##......#..#......# ##
.........#..#......# #.
.........####......# #.
....#####....########
#. .... #@...# #. ..
#o...+ #. #....# #.
#o...# ## #....# ..#+##
..o# ....# .....#


You could see an orc priest and 2 orcs.

Vanquished Creatures
  A troll (D:6)
  Sigmund (D:5)
  A bullfrog (D:6)
  A necrophage (D:6)
  A scorpion (D:6)
  4 water moccasin zombies (Ossuary)
  An iguana (D:5)
  2 mummies (Ossuary)
  2 adders (D:6)
  A white imp (D:6)
  2 adder zombies (Ossuary)
  3 gnoll zombies (Ossuary)
  A kobold (D:6)
  6 hobgoblin zombies (Ossuary)
  5 kobold zombies (Ossuary)
  9 orc zombies (Ossuary)
41 creatures vanquished.

Notes
Turn   | Place    | Note
-------+----------+-------------------------------------------
     0 | D:5      | Spectrina the Vampire Delver began the quest for the Orb.
     0 | D:5      | Reached XP level 1. HP: 17/17 MP: 1/1
    31 | D:6      | Noticed a troll
    41 | D:6      | Killed a troll
    42 | D:6      | Reached skill level 9 in Stealth
    42 | D:6      | Reached XP level 2. HP: 18/18 MP: 2/2
    42 | D:6      | Gained mutation: You are afflicted with vampirism and can
                  | become a bat while bloodless. [Vampire growth]
    42 | D:6      | Reached XP level 3. HP: 22/22 MP: 3/3
    42 | D:6      | Reached XP level 4. HP: 27/27 MP: 4/4
    42 | D:6      | Reached XP level 5. HP: 31/31 MP: 5/5
    81 | D:6      | Reached skill level 5 in Short Blades
    81 | D:6      | Reached XP level 6. HP: 33/36 MP: 6/6
    85 | D:6      | Reached skill level 10 in Stealth
    91 | D:6      | Found a sand-covered staircase.
   205 | Ossuary  | Entered an ossuary
   242 | Ossuary  | Reached XP level 7. HP: 37/40 MP: 7/7
   246 | Ossuary  | Reached skill level 11 in Stealth
   478 | D:5      | Noticed Sigmund
   482 | D:5      | Killed Sigmund
   483 | D:5      | Reached skill level 1 in Evocations
   503 | D:5      | Slain by an orc priest

Illustrated notes

Levels and vault maps discovered:
D:5:      layout_gridville, lemuel_mausoleum_altar_yredelemnul,
          mainiacjoe_overflow_six_doors_small, uniq_sigmund
D:6:      layout_gridville, enter_ossuary_1, hangedman_decor_peaks_small,
          minmay_a_box_with_orc_wizards_in_it

Skill      XL: |  1  2  3  4  5  6  7 |
---------------+----------------------+-----
Short Blades   | 4 5 6 7 |  7.0
Stealth        | 9 10 11 | 11.8
Evocations     | 1 |  1.2
Fighting       | |  2.6
Dodging        | |  2.1

Action                   |  1- 3 |  4- 6 |  7- 9 || total
-------------------------+-------+-------+-------++-------
Melee: Dagger            |     1 |    13 |     9 ||    23
       Bite              |       |     3 |     9 ||    12
       Long sword        |       |    11 |    60 ||    71
       Punch             |       |       |     3 ||     3
 Fire: Sling             |       |       |     5 ||     5
 Abil: Exsanguinate      |     1 |       |     1 ||     2
       Revivify          |       |       |     1 ||     1
 Stab: Sleeping          |     1 |     9 |    13 ||    23
Armor: Leather armour    |       |       |    15 ||    15
Dodge: Dodged            |       |     7 |    31 ||    38

Table legend: (Time is in decaauts)
 A = Elapsed time spent in this place.
 B = Non-inter-level travel time spent in this place.
 C = Inter-level travel time spent in this place.
 D = Time resting spent in this place.
 E = Time spent auto-exploring this place.
 F = Levels seen in this place.
 G = Mean time per level.
                   A        B        C        D        E       F      G
               +--------+--------+--------+--------+--------+-----+--------+
         Total |    508 |    508 |      0 |      0 |      0 |   3 |  169.3 |
       Dungeon |    290 |    290 |      0 |      0 |      0 |   2 |  145.0 |
       Ossuary |    218 |    218 |      0 |      0 |      0 |   1 |  218.0 |
               +--------+--------+--------+--------+--------+-----+--------+

Top non-repeatable levels by time:
 Ossuary: 218 daAuts
     D:6: 172 daAuts
     D:5: 117 daAuts
